 Dungeon Crawl Stone Soup version 0.18.1-48-g4cf74bf (webtiles) character file.

70 Heedrag the Sneak (level 4, 0/26 HPs)
             Began as a Kobold Assassin on Aug 4, 2016.
             Slain by a gnoll
             ... wielding a +0 halberd
              (13 damage)
             ... on level 2 of the Dungeon.
             The game lasted 00:02:56 (1389 turns).

Heedrag the Sneak (Kobold Assassin)                 Turns: 1389, Time: 00:02:57

Health: 0/26       AC:  3    Str:  9    XL:     4   Next: 44%
Magic:  4/4        EV:  9    Int: 10    God:
Gold:   83         SH:  0    Dex: 17    Spells: 0 memorised, 3 levels left

rFire  . . .     SeeInvis .     a - +2 dagger
rCold  . . .     Gourm    .     c - +0 robe
rNeg   . . .     Faith    .     (shield restricted)
rPois  .         Spirit   .     (no helmet)
rElec  .         Dismiss  .     d - +0 cloak
rCorr  .         Reflect  .     (no gloves)
SustAt .         Harm     .     (no boots)
MR     .....                    (no amulet)
Stlth  ++++......               (no ring)
                                (no ring)

@: not resistant to hostile enchantments, stealthy
A: carnivore 3
a: no special abilities


You were on level 2 of the Dungeon.
You were completely stuffed.

You visited 1 branch of the dungeon, and saw 2 of its levels.

You collected 83 gold pieces.

Inventory:

Hand Weapons
 a - a +2 dagger (weapon)
 b - a +0 blowgun
Missiles
 e - 19 poisoned needles
 f - 2 curare-tipped needles
Armour
 c - a +0 robe (worn)
 d - a +0 cloak (worn)
Scrolls
 j - a scroll of identify {unknown}
 k - a scroll of random uselessness {unknown}
 m - a scroll of enchant armour {unknown}
 o - a scroll of remove curse {unknown}
 p - a scroll of enchant weapon {unknown}
 q - a scroll of immolation {unknown}
Potions
 h - a potion of degeneration {unknown}
 l - 2 potions of might {unknown}
 s - a potion of curing {unknown}
Comestibles
 g - 2 meat rations
 i - a bread ration
 n - a royal jelly


   Skills:
 - Level 2.1 Fighting
 + Level 3.6 Short Blades
 - Level 2.1 Throwing
 - Level 1.2 Dodging
 * Level 7.3 Stealth


You had 3 spell levels left.
You didn't know any spells.

Dungeon Overview and Level Annotations

Branches:
Dungeon (2/15)

Altars:
The Shining One


Innate Abilities, Weirdness & Mutations

You are small and have problems with some larger weapons.
You are carnivorous and can eat meat at any time.


Message History

Tha gnoll be heavily wounded.
Tha gnoll hits ye wit' a spear.
Ye hit tha gnoll.
Tha gnoll be almost dead.
Tha gnoll hits ye from afar wit' a halberd!
* * * LOW HITPOINT WARNIN'
* * * Tha gnoll barely misses ye.
A hobgoblin comes inta view.
It be wieldin' a club.
Ye be too injured ta fight recklessly!
Tha hobgoblin shouts!
Ye hit tha gnoll.
Ye kill tha gnoll!
Tha gnoll barely misses ye.
Ye see 'ere 18 stones.
Thar be a stone staircase leadin' down 'ere.
A giant newt comes inta view.
Thar be a stone staircase leadin' up 'ere.
Tha gnoll hits ye from afar wit' a halberd!
Ouch! Tha re'lly hurt!
Ye die...

#.# #.# .## .##.# #.# ..#
.##.# #.# ... ###.# #.#
#.# ###.######## #.# #
#.# #..........# #.# .
#.# #.#.######.# #.# #.
#.# ..#.#
#.#######.###### #.# #.#
###.# ###....[.@.g.....#
#.##.#
##.####.#..######.##.#.#
#.#.#
##...##.................#
#...
#........#..####.####.#.#
##.# ##...#####....##.#
#.#.######...
##.#######.#.##.#
#.#....g..... #
#.........#.##.#
#.########...
###.#########.##.# #..#
##.# .##.# #.##.#
##.########.#


You could see a gnoll.

Vanquished Creatures
  2 gnolls (D:2)
  An adder (D:2)
  2 dart slugs (D:1)
  A giant gecko (D:1)
  A ball python (D:2)
  5 goblins
  5 hobgoblins
  3 jackals (D:2)
  7 bats
  2 giant newts (D:2)
  A kobold (D:1)
  6 rats
36 creatures vanquished.

Notes
Turn   | Place    | Note
--------------------------------------------------------------
     0 | D:1      | Heedrag the Kobold Assassin began the quest for the Orb.
     0 | D:1      | Reached XP level 1. HP: 12/12 MP: 1/1
   187 | D:1      | Reached XP level 2. HP: 17/17 MP: 2/2
   225 | D:1      | Reached skill level 6 in Stealth
   455 | D:1      | Found a glowing golden altar of the Shining One.
   605 | D:1      | Reached XP level 3. HP: 21/21 MP: 3/3
  1033 | D:2      | Reached XP level 4. HP: 26/26 MP: 4/4
  1104 | D:2      | Reached skill level 7 in Stealth
  1389 | D:2      | Slain by a gnoll

Skill      XL: |  1  2  3  4 |
---------------+-------------+-----
Stealth        | 6 7 |  7.3
Short Blades   | 3 |  3.6
Fighting       | |  2.1
Throwing       | |  2.1
Dodging        | |  1.2

Action                   |  1- 3 |  4- 6 || total
-------------------------+-------+-------++-------
Melee: Dagger            |    68 |    29 ||    97
 Stab: Sleeping          |    10 |       ||    10
  Eat: Chunk             |     9 |     1 ||    10
Armor: Robe              |    21 |     2 ||    23
Dodge: Dodged            |    33 |    29 ||    62
